 Dungeon Crawl Stone Soup version 0.30-a0-1160-g6e42c06551 (webtiles) character file.

Game seed: 15570586016897891235

938 Anamonty the Tainter (level 8, -12/42 (47) HPs)
             Began as an Octopode Venom Mage on Apr 26, 2023.
             Mangled by a wight
             ... wielding a +3 scimitar of freezing
              (15 damage)
             ... on level 6 of the Dungeon.
             The game lasted 00:07:04 (5542 turns).

Anamonty the Tainter (Octopode Venom Mage)          Turns: 5542, Time: 00:07:04

HP:   -12/42 (47)   AC:  1    Str:  9    XL:     8   Next: 12%
MP:   14/14         EV: 14    Int: 18    God:
Gold: 146           SH:  0    Dex: 12    Spells: 7/15 levels left

rFire   . . .        j - +1 spear (vamp)
rCold   . . .        (no shield)
rNeg    . . .        d - +0 hat
rPois   .            (no amulet)
rElec   .            (no ring)
rCorr   .            (no ring)
SInv    .            (no ring)
Will    .....        (no ring)
Stlth   +++          (no ring)
HPRegen 0.27/turn    (no ring)
MPRegen 0.14/turn    (no ring)
                     (no ring)

%: no passive effects
@: heavily drained
A: almost no armour, amphibious, 8 rings, camouflage 1, gelatinous body 1,
(nimble swimmer 1), tentacles
a: no special abilities


You were on level 6 of the Dungeon.
You visited 1 branch of the dungeon, and saw 6 of its levels.

You collected 146 gold pieces.

Inventory:

Hand Weapons
 j - a +1 vampiric spear (weapon)
Missiles
 q - a throwing net
Armour
 d - a +0 hat (worn)
Jewellery
 h - a +4 ring of slaying
 o - a ring of ice
 p - a ring of resist corrosion
 w - an amulet of guardian spirit
 x - an amulet of magic regeneration
Wands
 u - a wand of light (12)
 D - a wand of iceblast (12)
 E - a wand of flame (18)
Scrolls
 c - 2 scrolls of fear
 k - a scroll of noise {unknown}
 l - a scroll of brand weapon {unknown}
 m - a scroll of acquirement {unknown}
 r - a scroll of poison {unknown}
 s - a scroll of teleportation {unknown}
 v - a scroll of enchant armour {unknown}
 y - a scroll of vulnerability {unknown}
 A - a scroll of amnesia {unknown}
 B - a scroll of fog {unknown}
 F - a scroll of magic mapping {unknown}
Potions
 a - 2 potions of magic
 b - a potion of ambrosia {unknown}
 e - a potion of attraction {unknown}
 f - a potion of haste {unknown}
 g - 2 potions of cancellation
 i - 2 potions of curing
 n - a potion of brilliance {unknown}
 t - a potion of might {unknown}
 z - 3 potions of heal wounds {unknown}
 C - a potion of mutation {unknown}


   Skills:
 + Level 0.5 Fighting
 + Level 4.7 Dodging
 - Level 2.6 Stealth
 + Level 0.5 Unarmed Combat
 + Level 4.4 Spellcasting
 + Level 1.3 Transmutations
 * Level 8.4 Poison Magic


You had 7 spell levels left.
You knew the following spells:

 Your Spells              Type           Power      Damage    Failure   Level
a - Sting                 Tmut/Pois      84%        1d7       1%          1
b - Mephitic Cloud        Conj/Pois/Air  14%        N/A       14%         3
c - Olgreb's Toxic Radia  Pois           34%        N/A       4%          4

Your spell library contained the following spells:

 Spells                   Type           Power      Damage    Failure   Level
 Poisonous Vapours        Pois/Air       38%        N/A       3%          2


Dungeon Overview and Level Annotations

Branches:
Dungeon (6/15)
 Temple: D:4-7

Altars:
Gozag
Nemelex Xobeh
Okawaru
Ru
Wu Jian
Xom
Yredelemnul
The Shining One

Shops:
D:3 *

Annotations:
D:5 3 runed translucent doors, anet's ghost, amateur GnBr


Innate Abilities, Weirdness & Mutations

You cannot wear most types of armour.
You are amphibious.
You can wear up to eight rings at the same time.
Your skin changes colour to match your surroundings (Stealth+).
Your rubbery body absorbs attacks. (AC +1, EV +1)
((You are camouflaged when in or above water. (Stealth+)))
You have tentacles for arms and can constrict up to eight enemies at once.


Message History

The adder closely misses you.
The wight hits you with a +3 scimitar of freezing!
The wight freezes you. The adder bites you.
You completely miss the adder. Your grab misses the adder.
Your squeeze misses the adder.
The adder is moderately wounded.
The adder barely misses you. The wight attacks as you move away!
The wight hits you with a +3 short sword!
You feel drained. The adder bites you.
You are poisoned.
The adder poisons you!
You see here a +0 robe.
Unknown command.
As you read the scroll of fear, it crumbles to dust.
You assume a fearsome visage.
The wight is unaffected. x2
The adder looks frightened!
You feel sick.
Okay, then.
It was a potion of curing.
You feel better. The wight barely misses you.
The wight hits you with a +3 short sword!
The wight attacks as you move away!
The wight hits you with a +3 short sword.
* * * LOW HITPOINT WARNING * * *
You feel drained.
* * * LOW HITPOINT WARNING * * *
The wight barely misses you. The wight attacks as you move away!
The wight misses you. The wight closely misses you.
The wight attacks as you move away!
The wight hits you with a +3 short sword.
* * * LOW HITPOINT WARNING * * *
You feel drained. The wight attacks as you move away!
The wight hits you with a +3 short sword.
* * * LOW HITPOINT WARNING * * *
You feel drained.
* * * LOW HITPOINT WARNING * * *
The wight attacks as you move away!
The wight hits you with a +3 scimitar of freezing!
You die...

.####.##.# #......##
.#.......# #.......##
........# #........#
........# #........# #
.#).....####........#.#
.#.........#........#.#.
...)......))............
......)..).#...#.##.#.#
..........)..###@#..#.#..
...........#####zz.......
<..........# #.....##.#..
.......#...# #.#..##
..#.##.#######.#..#
.#..##.#####...#..#
.#.###.......##.[##
..........####..##
......###.# #..#


You could see 2 wights.

Vanquished Creatures
  An orc warrior (D:5)
  An ogre (D:3)
  A kobold brigand (D:6)
  A scorpion (D:5)
  A howler monkey (D:5)
  2 hounds
  An orc priest (D:5)
  2 jellies
  2 gnoll boudas
  A sleepcap (D:6)
  An iguana (D:5)
  4 orc wizards
  9 gnolls
  3 adders
  A shadow imp (D:5)
  An ufetubus (D:5)
  A worm (D:3)
  2 dart slugs
  20 orcs
  5 endoplasms
  4 giant cockroaches
  5 hobgoblins
  4 jackals (D:3)
  9 kobolds
  4 quokkas
  5 ball pythons
  5 bats
  3 frilled lizards
  6 goblins
  2 rats
  A spectral orc (D:3)
108 creatures vanquished.

Vanquished Creatures (others)
  21 plants (D:3)
21 creatures vanquished.

Grand Total: 129 creatures vanquished

Notes
Turn   | Place    | Note
-------+----------+-------------------------------------------
     0 | D:1      | Anamonty the Octopode Venom Mage began the quest for the
                  | Orb.
     0 | D:1      | Reached XP level 1. HP: 11/11 MP: 3/3
   258 | D:1      | Reached XP level 2. HP: 17/17 MP: 3/5
   262 | D:1      | Reached skill level 4 in Poison Magic
  1209 | D:2      | Found a faded altar of an unknown god.
  1228 | D:2      | Reached XP level 3. HP: 21/21 MP: 6/6
  1729 | D:3      | Found Gozag's Platinum Reserve.
  1734 | D:3      | Found an opulent altar of Gozag.
  1833 | D:3      | Noticed an ogre
  1880 | D:3      | Learned a level 3 spell: Mephitic Cloud
  1889 | D:3      | Killed an ogre
  1890 | D:3      | Reached skill level 5 in Poison Magic
  1890 | D:3      | Reached XP level 4. HP: 27/27 MP: 4/8
  1890 | D:3      | Reached XP level 5. HP: 31/31 MP: 4/9
  2010 | D:3      | Reached skill level 6 in Poison Magic
  2165 | D:3      | Found a shimmering altar of Xom.
  2273 | D:3      | Found a basalt altar of Yredelemnul.
  2318 | D:3      | Reached XP level 6. HP: 34/36 MP: 10/10
  2518 | D:3      | Learned a level 4 spell: Olgreb's Toxic Radiance
  3204 | D:4      | Found a sacrificial altar of Ru.
  3332 | D:4      | Found an iron altar of Okawaru.
  3344 | D:4      | Found a sparkling altar of Nemelex Xobeh.
  3471 | D:4      | Found an ornate altar of the Wu Jian Council.
  3714 | D:5      | Entered Level 5 of the Dungeon
  3865 | D:5      | Reached skill level 7 in Poison Magic
  3865 | D:5      | Reached XP level 7. HP: 36/41 MP: 8/12
  4020 | D:5      | Found a glowing golden altar of the Shining One.
  4308 | D:5      | Found a runed translucent gate.
  4308 | D:5      | Found a runed translucent gate.
  4308 | D:5      | Found a runed translucent gate.
  4314 | D:5      | Noticed anet's ghost (amateur GnBr)
  4715 | D:5      | Reached skill level 8 in Poison Magic
  5342 | D:6      | Reached XP level 8. HP: 36/46 MP: 9/14
  5542 | D:6      | Mangled by a wight

Illustrated notes

Levels and vault maps discovered:
D:1:      dpeg_arrival_radiant, layout_basic
D:2:      layout_rooms, ebering_ecumenical_altar_box
D:3:      layout_basic, nicolae_gozag_zags_fifth_avenue,
          yredelemnul_forgotten_temple_becter, mainiacjoe_overflow_boulevard,
          nicolae_grassy_gnolls
D:4:      layout_basic, nzn_wu_jian_council_hall, mainiacjoe_overflow_alcove_2,
          minitemple
D:5:      layout_basic, tso_altar, gammafunk_ghost_split
D:6:      layout_rooms, general_overflow_altar, makhleb_blood_cavern_becter,
          evilmike_ruin_ashenzari, minmay_temple_entry_junction

Skill      XL: |  1  2  3  4  5  6  7 |
---------------+----------------------+-----
Poison Magic   | 4 5 6 7 8 |  8.4
Dodging        | 3 4 |  4.7
Spellcasting   | 3 4 |  4.4
Fighting       | |  0.5
Stealth        | |  2.6
Unarmed Combat | |  0.5
Transmutations | |  1.3

Action                     |  1- 3 |  4- 6 |  7- 9 || total
---------------------------+-------+-------+-------++-------
  Melee: Unarmed           |    35 |       |       ||    35
         Tentacles         |    15 |    16 |    14 ||    45
         Constrict         |    17 |    21 |    15 ||    53
         Spear             |    51 |    92 |    60 ||   203
         Punch             |     1 |     3 |     4 ||     8
   Cast: Sting             |    10 |     3 |     7 ||    20
         Mephitic Cloud    |     1 |     4 |     1 ||     6
         Olgreb's Toxic Ra |       |     7 |    11 ||    18
  Evoke: Wand              |       |       |     1 ||     1
    Use: Scroll            |       |     3 |     1 ||     4
         Potion            |       |       |     1 ||     1
   Stab: Sleeping          |    10 |     7 |     5 ||    22
         Confused          |       |     1 |       ||     1
 Armour: Skin              |     5 |     4 |     1 ||    10
  Dodge: Dodged            |    43 |    51 |    35 ||   129

Table legend: (Time is in decaauts)
 A = Elapsed time spent in this place.
 B = Non-inter-level travel time spent in this place.
 C = Inter-level travel time spent in this place.
 D = Time resting spent in this place.
 E = Time spent auto-exploring this place.
 F = Levels seen in this place.
 G = Mean time per level.
                   A        B        C        D        E       F      G
               +--------+--------+--------+--------+--------+-----+--------+
         Total |   5560 |   5468 |     92 |      0 |   4532 |   6 |  926.7 |
       Dungeon |   5560 |   5468 |     92 |      0 |   4532 |   6 |  926.7 |
               +--------+--------+--------+--------+--------+-----+--------+

Top non-repeatable levels by time:
     D:5: 1490 daAuts
     D:4: 1258 daAuts
     D:1: 1133 daAuts
     D:3: 997 daAuts
     D:2: 418 daAuts
     D:6: 262 daAuts
